 Dungeon Crawl Stone Soup version 0.28.0-53-g5a82cb258f (webtiles) character file.

Game seed: 7321041482391288792

1726 croobank the Shield-Bearer (level 8, 0/73 HPs)
             Began as a Minotaur Fighter on June 4, 2022.
             Slain by an ogre
             ... wielding a +0 giant club
              (10 damage)
             ... while paralysed
             ... on level 5 of the Dungeon.
             The game lasted 00:15:53 (4870 turns).

croobank the Shield-Bearer (Minotaur Fighter)       Turns: 4870, Time: 00:15:54

Health: 0/73       AC:  7    Str: 21 (24) XL:     8   Next: 75%
Magic:  7/7        EV:  2    Int:  0 (1)  God:
Gold:   177        SH:  0    Dex:  7 (9)  Spells: 7/7 levels left

rFire   . . .      SeeInvis +   a - +1 war axe
rCold   . . .      Faith    .   c - +0 buckler
rNeg    . . .      Spirit   .   k - +1 ring mail of Umpyrron {+Inv rCorr Int-4 SInv}
rPois   .          Reflect  .   (helmet restricted)
rElec   .          Harm     .   (no cloak)
rCorr   +          Rampage  .   (no gloves)
Will    .....                   (no boots)
Stlth   ..........              (no amulet)
HPRegen 0.22/turn               (no ring)
MPRegen 0.10/turn               (no ring)

@: paralysed, slowed, lost intelligence, unable to read
A: horns 2, retaliatory headbutt
a: Evoke Invisibility


You were on level 5 of the Dungeon.
You visited 1 branch of the dungeon, and saw 5 of its levels.
You also visited: Sewer and Ossuary.

You collected 177 gold pieces.

Inventory:

Hand Weapons
 a - a +1 war axe (weapon)
 d - a +0 shortbow
 l - a +0 dagger
 m - a +0 hunting sling
 p - a +0 trident
 q - a +2 long sword of freezing
Missiles
 e - 91 arrows
 i - 114 stones (quivered)
 j - 21 sling bullets
Armour
 b - a +0 scale mail
 c - a +0 buckler (worn)
 k - the +1 ring mail of Umpyrron (worn) {+Inv rCorr Int-4 SInv}
   (You took it off a hobgoblin on level 2 of the Dungeon)

   Int:       It affects your intelligence (-4).
   SInv:      It lets you see invisible.
   +Inv:      It lets you turn invisible.
   rCorr:     It protects you from acid and corrosion.
 r - a +0 plate armour
Jewellery
 h - an amulet of magic regeneration
 o - an amulet of guardian spirit
Scrolls
 g - a scroll of amnesia
 t - 3 scrolls of fear {unknown}
 w - a scroll of teleportation
 y - a scroll of magic mapping {unknown}
 z - 2 scrolls of identify
Potions
 f - 3 potions of cancellation
 n - 3 potions of attraction
 s - 3 potions of invisibility
 x - a potion of degeneration


   Skills:
 + Level 7.6 Fighting
 + Level 7.2 Axes
 + Level 7.6 Armour
 + Level 7.7 Shields


You had 7 spell levels left.
You didn't know any spells.
Your spell library contained the following spells:

 Spells                   Type           Power      Damage    Failure   Level
 Scorch                   Fire           0%         2d5       91%         2
 Gell's Gravitas          Tloc           0%         N/A       99%         3
 Lesser Beckoning         Tloc           0%         N/A       99%         3
 Teleport Other           Tloc           0%         N/A       99%         3
 Flame Wave               Conj/Fire      0%         2d4       100%        4
 Summon Cactus Giant      Summ           0%         N/A       100%        6


Dungeon Overview and Level Annotations

Branches:
Dungeon (5/15)              Sewer (visited)         Ossuary (visited)
 Temple: D:4-7

Altars:
Ashenzari
Elyvilon
Fedhas
Uskayaw

Annotations:
D:3 2 transporters, corpig's ghost, amateur HOFi


Innate Abilities, Weirdness & Mutations

You have a pair of horns on your head.
You reflexively headbutt those who attack you in melee.


Message History

The orc is heavily wounded.
The orc hits you with a +0 flail! The orc hits you but does no damage.
You hit the orc but do no damage.
The orc is heavily wounded.
You block the orc's attack.
You barely miss the orc.
The orc is heavily wounded.
You block the orc's attack.
You completely miss the orc. Your headbutt misses the orc.
The orc is heavily wounded.
The orc hits you with a +0 flail.
You barely miss the orc. Your headbutt misses the orc.
The orc is heavily wounded.
The orc barely misses you.
You slash the orc!
You kill the orc!
An ogre comes into view. It is wielding a +0 giant club.
Found a glowing orb.
The ogre shouts!
Things that are here:
a +0 flail; a +0 leather armour; an orc corpse
There is an open door here.
You barely miss the ogre. The ogre hits you with a +0 giant club.
You slash the ogre!
The ogre is severely wounded.
The ogre hits you with a +0 giant club!
You barely miss the ogre.
The ogre is heavily wounded.
The ogre hits you with a +0 giant club!!
You are too injured to fight recklessly!
You are too injured to fight recklessly!
It was a potion of curing.
You feel better.
The ogre hits you with a +0 giant club!!
* * * LOW HITPOINT WARNING * * *
It was a potion of degeneration.
There was something very wrong with that liquid.
You feel weakened.
You feel dopey.
You have lost your intelligence.
You feel clumsy. The ogre hits you with a +0 giant club!
You die...

## #. .. #. #. ##.# #.
##.. #..# #. ##...#
#..## #. #.....# #... #.
.......## ##.## #.
........####...########.
......O@')..............
........####...#########
.......## ##.## #
#...[.# #.# # ##...# #.#
# ##'# #.# # #. #.. # #
## ## ##.


You could see an ogre.

Vanquished Creatures
  3 yaks (D:5)
  Menkaure (D:4)
  An orc warrior (D:4)
  A centaur (D:5)
  3 elf zombies (Ossuary)
  Blork the orc (D:4)
  3 scorpions
  A water moccasin skeleton (D:5)
  A centaur zombie (Ossuary)
  2 human zombies (Ossuary)
  An orc priest (D:4)
  An orc wizard (D:4)
  A hell rat (Sewer)
  A hound skeleton (D:4)
  3 mummies
  6 adders
  5 river rats
  An adder zombie (Ossuary)
  3 worms
  10 orcs
  4 ball pythons
  7 bats
  2 endoplasms
  7 giant cockroaches
  7 hobgoblins
  5 quokkas
  4 frilled lizards
  9 goblins
  A goblin zombie (Ossuary)
  10 hobgoblin zombies
  A kobold (D:2)
  11 kobold zombies
  7 orc zombies (Ossuary)
  12 rats
  2 rat zombies (Ossuary)
138 creatures vanquished.

Vanquished Creatures (others)
  A yak (D:5)
1 creature vanquished.

Grand Total: 139 creatures vanquished

Notes
Turn   | Place    | Note
-------+----------+-------------------------------------------
     0 | D:1      | croobank the Minotaur Fighter began the quest for the Orb.
     0 | D:1      | Reached XP level 1. HP: 19/19 MP: 0/0
   319 | D:1      | Reached XP level 2. HP: 27/27 MP: 1/1
   682 | D:1      | Found a faded altar of an unknown god.
  1001 | D:2      | Reached XP level 3. HP: 33/33 MP: 2/2
  1680 | D:2      | Identified the +1 ring mail of Umpyrron {+Inv rCorr Int-4
                  | SInv}
  2102 | D:3      | Noticed a scorpion
  2111 | D:3      | Killed a scorpion
  2112 | D:3      | Reached XP level 4. HP: 22/41 MP: 3/3
  2268 | D:3      | Found a hide-covered altar of Uskayaw.
  2437 | D:3      | Found a transporter.
  2440 | D:3      | Noticed corpig's ghost (amateur HOFi)
  2445 | D:3      | Found a blossoming altar of Fedhas.
  2529 | D:3      | Found a white marble altar of Elyvilon.
  2533 | D:3      | Found a broken altar of Ashenzari.
  2547 | D:3      | Reached XP level 5. HP: 47/47 MP: 4/4
  2566 | D:3      | Found a transporter.
  2725 | D:4      | Noticed Blork the orc
  2730 | D:4      | Killed Blork the orc
  2764 | D:4      | Reached skill level 5 in Armour
  2764 | D:4      | Reached skill level 5 in Shields
  2886 | D:4      | Noticed Menkaure
  2891 | D:4      | Killed Menkaure
  2892 | D:4      | Reached skill level 5 in Fighting
  2892 | D:4      | Reached XP level 6. HP: 56/56 MP: 5/5
  3040 | D:4      | Found a glowing drain.
  3044 | Sewer    | Entered a sewer
  3092 | Sewer    | Reached skill level 5 in Axes
  3278 | D:4      | Noticed an orc warrior
  3293 | D:4      | Killed an orc warrior
  3294 | D:4      | Reached XP level 7. HP: 52/62 MP: 6/6
  3793 | D:5      | Entered Level 5 of the Dungeon
  3881 | D:5      | Found a sand-covered staircase.
  3886 | Ossuary  | Entered an ossuary
  4018 | Ossuary  | Reached XP level 8. HP: 32/71 MP: 7/7
  4870 | D:5      | Lost intelligence.
  4870 | D:5      | Slain by an ogre

Illustrated notes

Levels and vault maps discovered:
D:1:      matt_arrival_grand_opening, layout_loops_corners,
          dreamdust_ecumenical_altar_statues, serial_bayou_lagoon_b
D:2:      layout_loops_corners, roderic_roman_lattice
D:3:      layout_basic, grunt_temple_overflow_open,
          eat_drink_and_be_merry_uskayaw, lemuel_crystal_altar,
          gammafunk_ghost_stat_death
D:4:      layout_loops_ring, gup_sewer_entry_spiral, uniq_blork_the_orc,
          uniq_menkaure
D:5:      layout_loops_corners, nicolae_ossuary_entry_giza,
          serial_bayou_crossing

Skill      XL: |  1  2  3  4  5  6  7  8 |
---------------+-------------------------+-----
Fighting       | 4 5 6 7 |  7.6
Axes           | 3 4 5 6 7 |  7.2
Armour         | 4 5 6 7 |  7.6
Shields        | 4 5 6 7 |  7.7

Action                   |  1- 3 |  4- 6 |  7- 9 || total
-------------------------+-------+-------+-------++-------
Melee: War axe           |    93 |    93 |   143 ||   329
       Headbutt          |    14 |     8 |    33 ||    55
  Use: Scroll            |     4 |     2 |     1 ||     7
       Potion            |       |     1 |     7 ||     8
 Stab: Invisible         |       |       |     1 ||     1
Armor: Scale mail        |    32 |       |       ||    32
       Ring mail         |     9 |    30 |    62 ||   101
Dodge: Dodged            |    46 |    42 |    61 ||   149
Block: Buckler           |    19 |    22 |    33 ||    74
